 Dungeon Crawl Stone Soup version 0.28-a0-804-g60983d4ba9 (webtiles) character file.

Game seed: 1006695428478530089

44 lawman0 the Grasshopper (level 3, -4/28 HPs)
             Began as a Barachi Warper on Nov 7, 2021.
             Was a Follower of Okawaru.
             Slain by Sigmund (12 damage)
             ... on level 2 of the Dungeon.
             The game lasted 00:01:43 (2229 turns).

lawman0 the Grasshopper (Barachi Warper)            Turns: 2229, Time: 00:01:44

Health: -4/28      AC:  3    Str: 12    XL:     3   Next: 62%
Magic:  6/6        EV: 11    Int: 14    God:    Okawaru [*.....]
Gold:   33         SH:  0    Dex: 11    Spells: 6/6 levels left

rFire   . . .      SeeInvis .   a - +0 falchion
rCold   . . .      Faith    .   (no shield)
rNeg    . . .      Spirit   .   b - +0 leather armour
rPois   .          Reflect  .   (no helmet)
rElec   .          Harm     .   (no cloak)
rCorr   .          Rampage  .   (no gloves)
Will    .....                   (no boots)
Stlth   +.........              (no amulet)
HPRegen 0.09/turn               (no ring)
MPRegen 0.10/turn               (no ring)

@: confused, slow
A: amphibious, slowness 1, strong legs 1, +LOS
a: Hop, Renounce Religion, Heroism


You were on level 2 of the Dungeon.
You worshipped Okawaru.
Okawaru was aware of your devotion.
You visited 1 branch of the dungeon, and saw 2 of its levels.

You collected 33 gold pieces.

Inventory:

Hand Weapons
 a - a +0 falchion (weapon)
Missiles
 d - 5 boomerangs of dispersal
 g - 5 curare-tipped darts (quivered)
Armour
 b - a +0 leather armour (worn)
Scrolls
 c - a scroll of blinking
 h - a scroll of summoning {unknown}
 i - a scroll of teleportation {unknown}
 j - a scroll of enchant armour {unknown}
 k - a scroll of identify {unknown}
Potions
 e - a potion of curing


   Skills:
 + Level 2.6 Fighting
 * Level 3.1 Long Blades
 + Level 1.0 Throwing
 + Level 1.9 Armour
 + Level 2.3 Dodging
 + Level 2.3 Spellcasting
 * Level 3.9 Translocations
 * Level 0.3 Invocations


You had 6 spell levels left.
You didn't know any spells.
Your spell library contained the following spells:

 Spells                   Type           Power      Damage    Failure   Level
 Blink                    Tloc           24%        N/A       9%          2
 Gell's Gravitas          Tloc           12%        N/A       17%         3
 Lesser Beckoning         Tloc           12%        N/A       17%         3
 Teleport Other           Tloc           12%        N/A       17%         3
 Manifold Assault         Tloc           12%        N/A       85%         5
 Borgnjor's Revivificati  Necr           0%         N/A       100%        8
 Necromutation            Tmut/Necr      0%         N/A       100%        8
 Death's Door             Necr           0%         N/A       100%        9


Dungeon Overview and Level Annotations

Branches:
Dungeon (2/15)

Altars:
Okawaru

Annotations:
D:2 Sigmund


Innate Abilities, Weirdness & Mutations

You are amphibious.
You cover ground slowly.
You can hop short distances.
You have an extended range of vision and can be seen from far away.


Message History

Sigmund is moderately wounded.
You completely miss Sigmund.
Sigmund is moderately wounded.
Sigmund barely misses you.
You closely miss Sigmund.
Sigmund is moderately wounded.
Sigmund closely misses you.
You hit Sigmund.
Sigmund is moderately wounded.
You barely miss Sigmund.
Sigmund is moderately wounded.
Sigmund barely misses you.
You hit Sigmund.
Sigmund is heavily wounded.
You barely miss Sigmund.
Sigmund is heavily wounded.
Sigmund closely misses you.
Unknown command.
You closely miss Sigmund.
Sigmund is heavily wounded.
You feel like a meek peon again. Sigmund hits you with a +0 scythe.
* * * LOW HITPOINT WARNING * * *
You closely miss Sigmund.
Sigmund is heavily wounded.
You hit Sigmund.
Sigmund is heavily wounded.
Sigmund casts a spell.
Sigmund flickers and vanishes!
Deactivating autopickup; reactivate with Ctrl-A.
Something barely misses you.
You barely miss something.
Unknown command.
You completely miss something.
You hear some strange, mumbled words.
You are confused.
You bump into the rock wall.
Something hits you.
* * * LOW HITPOINT WARNING * * *
You bump into the rock wall.
Something hits you!
You die...

#####.#.#...#
....#.#.#...#
###.#.#.#...#
).#.#(#.....#
....#.#.##..#
#####.#.....#
......#.##.##
.######.##.##############
................@{.......
..............######.####
.#<.....##.##.#
.#########.##..# .#
#.###.# .# #.# .. .# #..
... .# #.. ...# .# ...
...#


There were no monsters in sight!

Vanquished Creatures
  2 dart slugs (D:1)
  5 ball pythons
  2 endoplasms (D:1)
  A giant cockroach (D:1)
  5 goblins
  A hobgoblin (D:1)
  3 jackals (D:1)
  5 kobolds
  3 quokkas
  4 bats
  4 frilled lizards
  2 rats (D:1)
37 creatures vanquished.

Notes
Turn   | Place    | Note
-------+----------+-------------------------------------------
     0 | D:1      | lawman0 the Barachi Warper began the quest for the Orb.
     0 | D:1      | Reached XP level 1. HP: 17/17 MP: 3/3
   220 | D:1      | Found a faded altar of an unknown god.
   242 | D:1      | Prayed at the altar of an unknown god.
   242 | D:1      | Became a worshipper of Warmaster Okawaru
   242 | D:1      | Reached * piety under Okawaru
   243 | D:1      | bnased
   554 | D:1      | Reached XP level 2. HP: 22/23 MP: 5/5
  1192 | D:1      | Reached XP level 3. HP: 23/28 MP: 6/6
  1889 | D:2      | lol
  2209 | D:2      | Noticed Sigmund
  2229 | D:2      | Slain by Sigmund

Illustrated notes ### #... ....## ##.. ......## ####### #.. ........######### ###.....###.. ................###.........### #.........................# ####....................... ###.........##########.. ###.g@..### ### ####### Turn 243 on D:1: bnased

###### #.## ....#.#...
#...#.#..### #...# .....
#...# #..# #...###..#####
#........#....
#.#.#.######....###.#.###
........@.......†........
..........)..............
......#####.#.#.###.#.#<.
..r.. #.#<#.# #.#.###
...# #.#.... ..#.# ..
..#########.# .
###.........# #.###.....#
#.# #.....#


Turn 1889 on D:2: lol

Levels and vault maps discovered:
D:1:      wander_arrival_lonely_grave, layout_loops_ring,
          hellmonk_ecumenical_altar_zigzags
D:2:      layout_basic, minmay_tromino_v4_b, uniq_natasha, uniq_sigmund

Skill      XL: |  1  2  3 |
---------------+----------+-----
Long Blades    | 3 |  3.1
Fighting       | |  2.6
Throwing       | |  1.0
Armour         | |  1.9
Dodging        | |  2.3
Spellcasting   | |  2.3
Translocations | |  3.9
Invocations    | |  0.3

Action                   || total
-------------------------++-------
Melee: Falchion          ||   135
Invok: Heroism           ||     1
  Use: Potion            ||     2
Armor: Leather armour    ||    39
Dodge: Dodged            ||    97

Table legend: (Time is in decaauts)
 A = Elapsed time spent in this place.
 B = Non-inter-level travel time spent in this place.
 C = Inter-level travel time spent in this place.
 D = Time resting spent in this place.
 E = Time spent auto-exploring this place.
 F = Levels seen in this place.
 G = Mean time per level.
                   A        B        C        D        E       F      G
               +--------+--------+--------+--------+--------+-----+--------+
         Total |   2445 |   2352 |     93 |    427 |   1585 |   2 | 1222.5 |
       Dungeon |   2445 |   2352 |     93 |    427 |   1585 |   2 | 1222.5 |
               +--------+--------+--------+--------+--------+-----+--------+

Top non-repeatable levels by time:
     D:1: 1958 daAuts
     D:2: 486 daAuts
